 Dungeon Crawl Stone Soup version 0.19-a0-465-g1d1674b (webtiles) character file.

4960 Amnesiac the Artisan of Death (level 10, -9/63 HPs)
             Began as a Mummy Wizard on June 3, 2016.
             Was a Priest of Kikubaaqudgha.
             Mangled by a troll (16 damage)
             ... on level 8 of the Dungeon.
             The game lasted 00:26:26 (11555 turns).

Amnesiac the Artisan of Death (Mummy Wizard)       Turns: 11555, Time: 00:26:27

Health: -9/63      AC:  5    Str: 10    XL:     10   Next: 28%
Magic:  14/20      EV: 12    Int: 18    God:    Kikubaaqudgha [***...]
Gold:   602        SH:  0    Dex: 14    Spells: 8 memorised, 3 levels left

rFire  . . .     SeeInvis .     s - +2 whip (elec)
rCold  + + .     Gourm    .     z - +1 robe {rC+}
rNeg   + + +     Faith    .     (no shield)
rPois  ∞         Spirit   .     b - +0 hat
rElec  .         Dismiss  .     G - +1 cloak
rCorr  .         Reflect  .     (no gloves)
SustAt .         Harm     .     (no boots)
MR     +....                    e - amulet of magic regeneration
Stlth  ++........               a - ring of protection from cold
                                k - ring of fire

@: very slightly contaminated, somewhat resistant to hostile enchantments,
unstealthy
A: no food or potions, fire vulnerability, cold resistance 1, negative energy
resistance 3, torment resistance, unbreathing
a: Receive Corpses, Renounce Religion


You were on level 8 of the Dungeon.
You worshipped Kikubaaqudgha.
Kikubaaqudgha was most pleased with you.
You were not hungry.

You visited 1 branch of the dungeon, and saw 9 of its levels.
You also visited: Ossuary.

You collected 602 gold pieces.

Inventory:

Hand Weapons
 s - a +2 whip of electrocution (weapon)
 u - a +2 trident of freezing
 F - a +1 trident of piercing
Missiles
 E - 2 curare-tipped needles
Armour
 b - a +0 hat (worn)
 j - a +0 buckler
 z - a +1 robe of cold resistance (worn)
 G - a +1 cloak (worn)
Jewellery
 a - a ring of protection from cold (right hand)
 e - an amulet of magic regeneration (around neck)
 k - a ring of fire (left hand)
 q - an uncursed ring of teleportation
 C - an uncursed amulet of dismissal
Wands
 p - a wand of acid (6/15)
 v - a wand of lightning (4/15)
Scrolls
 d - 2 scrolls of recharging {unknown}
 f - 7 scrolls of identify
 g - a scroll of magic mapping {unknown}
 h - 4 scrolls of immolation {unknown}
 i - 4 scrolls of fog {unknown}
 m - 2 scrolls of noise {unknown}
 n - 2 scrolls of enchant weapon {unknown}
 o - a scroll of amnesia
 r - a scroll of blinking
 w - a scroll of fear {unknown}
 x - a scroll of holy word {unknown}
 A - a scroll of enchant armour {unknown}
 B - a scroll of silence {unknown}
 D - a scroll of random uselessness {unknown}
Books
 c - a book of Minor Magic

   Spells                             Type                      Level
   a - Magic Dart                     Conjuration                  1
   b - Blink                          Translocation                2
   c - Call Imp                       Summoning                    2
   d - Repel Missiles                 Charms/Air                   2
   e - Slow                           Hexes                        2
   f - Conjure Flame                  Conjuration/Fire             3
   g - Mephitic Cloud                 Conjuration/Poison/Air       3
 l - Kikubaaqudgha's Guide on Evil
   (Kikubaaqudgha gifted it to you on level 2 of the Dungeon)

   Spells                             Type                      Level
   a - Animate Skeleton               Necromancy                   1
   b - Pain                           Necromancy                   1
   c - Corpse Rot                     Necromancy                   2
   d - Vampiric Draining              Necromancy                   3
   e - Control Undead                 Necromancy                   4
 t - a book of Beasts

   Spells                             Type                      Level
   a - Summon Butterflies             Summoning                    1
   b - Call Canine Familiar           Summoning                    3
   c - Summon Ice Beast               Ice/Summoning                4
   d - Summon Mana Viper              Hexes/Summoning              5
   e - Summon Hydra                   Summoning                    7
 y - Kikubaaqudgha's Tome of Unholy Rituals
   (Kikubaaqudgha gifted it to you on level 6 of the Dungeon)

   Spells                             Type                      Level
   a - Excruciating Wounds            Charms/Necromancy            5
   b - Agony                          Necromancy                   5
   c - Cigotuvi's Embrace             Necromancy                   5
   d - Dispel Undead                  Necromancy                   5
   e - Death Channel                  Necromancy                   6


   Skills:
 - Level 1.5 Dodging
 - Level 1.5 Stealth
 - Level 7.0 Spellcasting
 - Level 4.1 Conjurations
 - Level 0.7 Summonings
 + Level 12.2 Necromancy
   Level 0.7 Translocations


You had 3 spell levels left.
You knew the following spells:

 Your Spells              Type           Power        Failure   Level  Hunger
a - Repel Missiles        Chrm/Air       #.....       17%         2    N/A
b - Summon Butterflies    Summ           #.......     12%         1    N/A
c - Animate Skeleton      Necr           N/A          1%          1    N/A
d - Death Channel         Necr           ######....   12%         6    N/A
e - Mephitic Cloud        Conj/Pois/Air  ##......     21%         3    N/A
f - Magic Dart            Conj           ###.         1%          1    N/A
s - Conjure Flame         Conj/Fire      ###.....     17%         3    N/A
z - Vampiric Draining     Necr           ######....   1%          3    N/A

Dungeon Overview and Level Annotations

Branches:
Dungeon (9/15)             Temple (0/1) D:6
   Lair: D:8-11         Orc: D:9-12

Altars:
Ashenzari
Cheibriados
Fedhas
Gozag
Kikubaaqudgha
Makhleb
Pakellas
Ru
Sif Muna
Uskayaw
Xom
The Shining One

Annotations:
D:8 exclusion: door
D:9 Erica


Innate Abilities, Weirdness & Mutations

You do not eat or drink.
Your flesh is vulnerable to fire.
You are immune to poison.
Your flesh is cold resistant. (rC+)
You are immune to negative energy. (rN+++)
You are immune to unholy pain and torment.
You can survive without breathing.


Message History

Aim: a troll (moderately wounded)
The troll is heavily wounded.
You feel life coursing into your body. The troll barely misses you.
The troll claws you!
* * * LOW HITPOINT WARNING * * *
The troll claws you!
* * * LOW HITPOINT WARNING * * *
Casting: Vampiric Draining
Confirm with . or Enter, or press ? or * to list all spells.
Okay, then.
Unknown command.
Casting: Vampiric Draining
Confirm with . or Enter, or press ? or * to list all spells.
Aiming: Conjure Flame
Press: ? - help, Dir - move target cursor, p - troll You feel a surge of power!
You miscast Conjure Flame.
You are very lightly contaminated with residual magic.
Your bandages flutter.
The troll bites you!
You die...
Kikubaaqudgha rasps: "You have failed me!
Welcome... oblivion!"

#.#.# #.# #.# #.######### ♣##.#.#
#.# #.# #.......... ......# #.#
#.############## ##..###
######.###.........###... ##..#
#........................ ##..#
#.###.##.##..############ ##..#
#.###.##.##..### ##..#
#.#............# ####
##..#####.#.#.##@##..#.## #...
............#.##T##..>..######.##
##...####.#.#....................
##....# #.#.####.###....##.#.#.#.
#.##.###......5.# #.#.###.......
###...###.5###### #.#.###.#.#.#.
##.....##..########.#.##......!.
##.......#>.÷........#.##..#.#.#.
....._.......#########.##........


You could see a troll and a crimson imp.

Vanquished Creatures
  Pikel (D:7)
  The ghost of casual the Cutter, a novice VSFi (D:4)
  A fire bat (D:8)
  2 hippogriffs
  A hungry ghost (D:8)
  Menkaure (D:4)
  Duvessa (D:5)
  An orc warrior (D:6)
  An ice beast (D:7)
  3 slaves (D:7)
  2 sky beasts (D:8)
  A phantom (D:8)
  4 ogres
  3 centaurs
  6 giant frogs
  A gnoll sergeant (D:8)
  Dowan (D:5)
  2 scorpions
  9 killer bees
  2 howler monkeys (D:7)
  3 crimson imps
  4 hounds
  A quasit (D:8)
  A giant frog zombie (D:8)
  A centaur zombie (D:5)
  7 orc priests
  A jelly (D:8)
  3 centaur skeletons
  7 orc wizards
  4 worker ants
  8 mummies (Ossuary)
  2 hound skeletons
  9 gnolls
  A howler monkey zombie (D:7)
  12 adders
  A shadow imp (D:6)
  2 oozes (D:3)
  2 adder skeletons
  2 worms
  A dart slug (D:2)
  4 giant geckos
  30 orcs
  2 ball pythons
  6 bats
  7 giant cockroaches
  2 gnoll zombies (Ossuary)
  5 goblins
  8 hobgoblins
  7 jackals
  5 quokkas
  A giant gecko skeleton (D:6)
  7 giant newts
  3 hobgoblin zombies (Ossuary)
  9 kobolds
  A kobold zombie (Ossuary)
  2 orc zombies (Ossuary)
  8 rats
223 creatures vanquished.

Vanquished Creatures (others)
  A slave (D:7)
1 creature vanquished.

Grand Total: 224 creatures vanquished

Notes
Turn   | Place    | Note
--------------------------------------------------------------
     0 | D:1      | Amnesiac the Mummy Wizard began the quest for the Orb.
     0 | D:1      | Reached XP level 1. HP: 13/13 MP: 4/4
   145 | D:1      | Reached skill level 1 in Conjurations
   275 | D:3      | Found an ancient bone altar of Kikubaaqudgha.
   277 | D:3      | Found a snail-covered altar of Cheibriados.
   282 | D:3      | Became a worshipper of Kikubaaqudgha
   600 | D:1      | Reached XP level 2. HP: 13/19 MP: 0/6
  1681 | D:2      | Reached XP level 3. HP: 24/24 MP: 3/7
  2085 | D:2      | Reached * piety under Kikubaaqudgha
  2085 | D:2      | Received a gift from Kikubaaqudgha
  2090 | D:2      | Identified Kikubaaqudgha's Guide on Evil (Kikubaaqudgha gifted it to you on level 2 of the Dungeon)
  2436 | D:2      | Reached XP level 4. HP: 30/30 MP: 4/8
  2627 | D:3      | Noticed a giant frog
  2827 | D:3      | Noticed an ogre
  2833 | D:3      | Learned a level 3 spell: Mephitic Cloud
  2844 | D:3      | Killed an ogre
  2844 | D:3      | Reached XP level 5. HP: 35/35 MP: 4/9
  2941 | D:3      | Reached skill level 2 in Necromancy
  3127 | D:3      | Found a blossoming altar of Fedhas.
  3468 | D:4      | Noticed an ogre
  3478 | D:4      | Noticed casual's ghost (novice VSFi)
  3560 | D:3      | Killed an ogre
  3560 | D:3      | Reached skill level 3 in Necromancy
  3560 | D:3      | Reached XP level 6. HP: 20/41 MP: 3/10
  3822 | D:4      | Learned a level 3 spell: Vampiric Draining
  4089 | D:4      | Reached skill level 4 in Necromancy
  4249 | D:4      | Learned a level 3 spell: Conjure Flame
  4345 | D:4      | Found a sacrificial altar of Ru.
  4624 | D:4      | Learned a level 1 spell: Animate Skeleton
  4814 | D:4      | Reached skill level 5 in Necromancy
  4873 | D:4      | Noticed Menkaure
  4923 | D:4      | Killed Menkaure
  4923 | D:4      | Reached XP level 7. HP: 46/46 MP: 5/11
  5056 | D:3      | Reached skill level 6 in Necromancy
  5352 | D:4      | Killed casual's ghost
  5352 | D:4      | Reached skill level 7 in Necromancy
  5639 | D:4      | Found an oddly glowing altar of Pakellas.
  5726 | D:5      | Entered Level 5 of the Dungeon
  5796 | D:5      | Learned a level 1 spell: Summon Butterflies
  5804 | D:5      | Reached XP level 8. HP: 40/52 MP: 10/12
  6046 | D:5      | Reached ** piety under Kikubaaqudgha
  6061 | D:5      | Reached skill level 8 in Necromancy
  6201 | D:5      | Noticed Duvessa
  6208 | D:5      | Noticed Dowan
  6211 | D:5      | Killed Duvessa
  6223 | D:5      | Killed Dowan
  6696 | D:5      | Reached skill level 9 in Necromancy
  6948 | D:6      | Found a sand-covered staircase.
  6955 | Ossuary  | Entered an ossuary
  7216 | Ossuary  | Reached skill level 10 in Necromancy
  8312 | D:6      | Found a staircase to the Ecumenical Temple.
  8351 | D:6      | Reached XP level 9. HP: 40/57 MP: 13/13
  8354 | D:6      | Reached *** piety under Kikubaaqudgha
  8354 | D:6      | Received a gift from Kikubaaqudgha
  8357 | D:6      | Identified Kikubaaqudgha's Tome of Unholy Rituals (Kikubaaqudgha gifted it to you on level 6 of the Dungeon)
  8717 | D:7      | Found a shimmering altar of Xom.
  8717 | D:7      | Found a shimmering altar of Xom.
  8718 | D:7      | Found a shimmering altar of Xom.
  8719 | D:7      | Found a shimmering altar of Xom.
  8720 | D:7      | Found a shimmering altar of Xom.
  8720 | D:7      | Found a shimmering altar of Xom.
  8780 | D:7      | Noticed Pikel
  8797 | D:7      | Killed Pikel
  9063 | D:7      | Reached skill level 5 in Spellcasting
  9072 | D:7      | Learned a level 2 spell: Repel Missiles
  9217 | D:7      | Reached skill level 11 in Necromancy
  9296 | D:7      | Found a burning altar of Makhleb.
  9873 | D:7      | Learned a level 6 spell: Death Channel
  9906 | D:7      | Found an opulent altar of Gozag.
  9907 | D:7      | Found a deep blue altar of Sif Muna.
 10013 | D:7      | Found a glowing golden altar of the Shining One.
 10026 | D:7      | Noticed a giant orange brain
 10027 | D:7      | Noticed a moth of wrath
 10027 | D:7      | a moth of wrath changed into a boulder beetle
 10100 | D:8      | Found a blossoming altar of Fedhas.
 10208 | D:8      | Reached XP level 10. HP: 43/63 MP: 20/20
 10967 | D:8      | Reached skill level 12 in Necromancy
 11104 | D:8      | Found a shattered altar of Ashenzari.
 11188 | D:8      | Found a hide-covered altar of Uskayaw.
 11527 | D:9      | Noticed Erica
 11555 | D:8      | Mangled by a troll

Vault maps used:
D:1:      evilmike_arrival_run_for_it
D:3:      nicolae_overflow_crystal_walls, minitemple
D:4:      nicolae_ru_path_of_blood, old_standard_altar, uniq_menkaure
D:5:      first_bread, serial_glass, glass_columns_c, glass_columns_a,
          uniq_duvessa
D:6:      temple_fountains, chequers_ossuary_entry_cave,
          minmay_misc_feat_columns
D:7:      tso_oasis_becter, xom_shifter_show, nicolae_overflow_hidden_temple,
          bloody_makhleb, uniq_pikel
D:8:      lemuel_round_altar, kennysheep_little_box, hangedman_tree_tricks,
          glass_columns_b, dk_vineyard_1, dk_noncrumbling_3,
          hangedman_incinerator
D:9:      lemuel_round_altar, uniq_erica
Ossuary:  ossuary_tomb_3

Skill      XL: |  1  2  3  4  5  6  7  8  9 10 |
---------------+-------------------------------+-----
Conjurations   | 1 2 3 4 |  4.1
Necromancy     | 3 5 7 10 11 12 | 12.2
Spellcasting   | 7 |  7.0
Dodging        | |  1.5
Stealth        | |  1.5
Summonings     | |  0.7
Translocations | |  0.7

Action                   |  1- 3 |  4- 6 |  7- 9 | 10-12 || total
-------------------------+-------+-------+-------+-------++-------
Melee: Unarmed           |     7 |     2 |       |       ||     9
       Whip              |       |       |   342 |    64 ||   406
 Cast: Magic Dart        |   121 |   152 |   103 |     1 ||   377
       Mephitic Cloud    |       |    15 |    26 |     4 ||    45
       Conjure Flame     |       |     3 |     7 |     1 ||    11
       Vampiric Draining |       |     2 |    30 |    28 ||    60
       Repel Missiles    |       |       |     1 |     2 ||     3
  Use: Scroll            |       |       |     4 |       ||     4
 Stab: Confused          |       |       |     8 |     2 ||    10
       Sleeping          |       |       |     2 |     1 ||     3
       Distracted        |       |       |     2 |       ||     2
Armor: Robe              |    10 |       |    45 |    20 ||    75
Dodge: Dodged            |    37 |    15 |   188 |    92 ||   332
       Deflected         |       |       |     2 |     2 ||     4
